 Dungeon Crawl Stone Soup version 0.29.0-4-gdea44cf6ec (webtiles) character file.

Game seed: 1699987899355018693

258 qw the Chopper (level 6, -2/35 HPs)
             Began as a Tengu Warper on Aug 28, 2022.
             Slain by Sigmund
             ... wielding a +0 scythe
              (3 damage)
             ... on level 3 of the Dungeon.
             The game lasted 00:00:18 (2551 turns).

qw the Chopper (Tengu Warper)                       Turns: 2551, Time: 00:00:19

Health: -2/35      AC:  6    Str: 14    XL:     6   Next: 16%
Magic:  10/10      EV: 13    Int: 13    God:
Gold:   115        SH:  0    Dex: 13    Spells: 9/9 levels left

rFire   . . .      SeeInvis .   Y - +0 hand axe
rCold   . . .      Faith    .   (no shield)
rNeg    . . .      Spirit   .   h - +0 ring mail
rPois   .          Reflect  .   (helmet restricted)
rElec   .          Harm     .   (no cloak)
rCorr   .          Rampage  .   j - +0 pair of gloves
Will    .....                   (boots unavailable)
Stlth   +.........              (no amulet)
HPRegen 0.11/turn               (no ring)
MPRegen 0.12/turn               (no ring)

@: flying quickly and evasively, quick
A: beak, talons 3, nimble flight
a: no special abilities


You were on level 3 of the Dungeon.
You visited 1 branch of the dungeon, and saw 3 of its levels.

You collected 115 gold pieces.


Innate Abilities, Weirdness & Mutations

You have a beak for a mouth.
You have claws for feet.
Your magical nature lets you fly swiftly and evasively.


   Skills:
 - Level 2.0 Fighting
 + Level 6.9 Axes
 - Level 1.0 Throwing
 - Level 1.1 Armour
 - Level 2.1 Dodging
 - Level 2.0 Spellcasting
 - Level 2.4 Translocations


You had 9 spell levels left.
You didn't know any spells.
Your spell library contained the following spells:

 Spells                   Type           Power      Damage    Failure   Level
 Blink                    Tloc           14%        N/A       30%         2
 Gell's Gravitas          Tloc           7%         N/A       52%         3
 Lesser Beckoning         Tloc           7%         N/A       52%         3
 Teleport Other           Tloc           7%         N/A       52%         3
 Manifold Assault         Tloc           7%         N/A       99%         5

Inventory:

Hand Weapons
 f - a +0 flail
 Y - a +0 hand axe (weapon)
Missiles
 c - 6 silver javelins (quivered)
Armour
 h - a +0 ring mail (worn)
 j - a +0 pair of gloves (worn)
Scrolls
 a - 2 scrolls of teleportation
 b - a scroll of torment {unknown}
 g - a scroll of enchant weapon {unknown}
 i - 2 scrolls of identify
Potions
 d - a potion of haste {unknown}

Dungeon Overview and Level Annotations

Branches:
Dungeon (3/15)

Altars:
Dithmenos
Hepliaklqana
Kikubaaqudgha

Annotations:
D:3 Sigmund


Message History

The quokka misses you. Sigmund casts a spell at you.
You resist with some effort.
You hit Sigmund but do no damage. You claw Sigmund. Your peck misses Sigmund.
Sigmund is moderately wounded.
You hit the quokka. The quokka closely misses you.
Sigmund mumbles some strange words.
Sigmund flickers and vanishes!
Deactivating autopickup; reactivate with Ctrl-A.
The quokka attacks as you move away!
The quokka bites you but does no damage.
Something hits you.
You bump into the rock wall.
You feel less confused. The quokka misses you. x2
You hit the quokka.
You kill the quokka!
You hear some strange, mumbled words.
A puff of flame appears from out of thin air!
The puff of flame hits you.
You swing at nothing.
A magic dart appears from out of thin air!
The magic dart hits you.
You swing at nothing.
Something hits you.
You swing at nothing.
Something hits you.
You swing at nothing.
You swing at nothing.
Something hits you but does no damage.
You swing at nothing.
You swing at nothing.
Something barely misses you.
You swing at nothing.
Something hits you.
You swing at nothing.
2551 ||| Stepping ~*~*~tactically~*~*~ (stealth).
Something hits you.
You die...

.##...###....#.#.##.#.#
#.[###.)#
##.###.....#......#.#
#### ####
#.##.#....###.#..#.# #.
#.#.##........#..#.# #.
#.##.#...###........#
.####. ##.###....#
#.##(.#.g. #.....
#...###...# #.##..#.##
.#####
#....)..###.##......
###
#...###.......@...#.##
#.. ## ###......{......
#.# #####.###.#### #
...# .. ##### ## ## #.
..(.


There were no monsters in sight!

Vanquished Creatures
  3 vampire bats (D:3)
  3 gnolls (D:3)
  2 adders (D:2)
  4 worms
  A dart slug (D:3)
  2 orcs (D:3)
  5 ball pythons
  3 bat skeletons (D:3)
  3 bat zombies (D:3)
  7 endoplasms
  3 giant cockroaches
  7 goblins
  3 hobgoblins
  7 jackals (D:2)
  4 quokkas
  5 bats
  3 frilled lizards
  4 kobolds
  7 rats
76 creatures vanquished.

Vanquished Creatures (others)
  A fungus (D:1)
  3 plants (D:1)
4 creatures vanquished.

Grand Total: 80 creatures vanquished

Notes
Turn   | Place    | Note
-------+----------+-------------------------------------------
     0 | D:1      | qw the Tengu Warper began the quest for the Orb.
     0 | D:1      | Reached XP level 1. HP: 12/12 MP: 4/4
     0 | D:1      | 0 ||| qw: Version: 0.1-a-89-g26bdef1
     0 | D:1      | 0 ||| qw: Game counter: 609
     0 | D:1      | 0 ||| qw: Always use a shield: true
     0 | D:1      | 0 ||| qw: God list: Okawaru
     0 | D:1      | 0 ||| qw: Allow faded altars: false
     0 | D:1      | 0 ||| qw: Do Orc after D:15 true
     0 | D:1      | 0 ||| qw: Do second Lair branch before Depths: true
     0 | D:1      | 0 ||| qw: Lair rune preference: random
     0 | D:1      | 0 ||| qw: Plans: Normal
     0 | D:1      | 0 ||| PLANNING D:1-11
    75 | D:1      | 75 ||| Stepping ~*~*~tactically~*~*~ (stealth).
    85 | D:1      | 85 ||| Stepping ~*~*~tactically~*~*~ (stealth).
    97 | D:1      | 97 ||| Stepping ~*~*~tactically~*~*~ (stealth).
   240 | D:1      | Reached XP level 2. HP: 13/17 MP: 6/6
   241 | D:1      | Reached skill level 3 in Axes
   321 | D:1      | Found a faded altar of an unknown god.
   410 | D:1      | 410 ||| Stepping ~*~*~tactically~*~*~ (stealth).
   412 | D:1      | 412 ||| Stepping ~*~*~tactically~*~*~ (stealth).
   413 | D:1      | 413 ||| Stepping ~*~*~tactically~*~*~ (stealth).
   414 | D:1      | 414 ||| Stepping ~*~*~tactically~*~*~ (stealth).
   697 | D:1      | 697 ||| UPGRADING to +0 ring mail.
   707 | D:1      | 707 ||| DROPPING +0 leather armour.
   708 | D:1      | 708 ||| UPGRADING to +0 pair of gloves.
   713 | D:1      | 713 ||| READING 4 scrolls labelled ANKAIV MONYOSO.
   716 | D:1      | 716 ||| READING 2 scrolls labelled YTIUZ FOTUDO.
   717 | D:1      | 717 ||| READING 2 scrolls labelled WOPEXT YMALOOMN.
   718 | D:1      | 718 ||| READING scroll labelled OGRIUSIESO.
   719 | D:1      | 719 ||| DROPPING scroll of blinking.
   720 | D:1      | 720 ||| DROPPING scroll of amnesia.
   847 | D:2      | 847 ||| FLEEEEING.
   855 | D:2      | 855 ||| STAIRDANCE
   971 | D:2      | Reached XP level 3. HP: 21/21 MP: 7/7
   972 | D:2      | 972 ||| Stepping ~*~*~tactically~*~*~ (stealth).
  1004 | D:2      | 1004 ||| FLEEEEING.
  1005 | D:2      | 1005 ||| FLEEEEING.
  1012 | D:2      | 1012 ||| STAIRDANCE
  1112 | D:2      | Reached skill level 4 in Axes
  1203 | D:2      | 1203 ||| Stepping ~*~*~tactically~*~*~ (stealth).
  1310 | D:2      | 1310 ||| Stepping ~*~*~tactically~*~*~ (stealth).
  1330 | D:2      | 1330 ||| Stepping ~*~*~tactically~*~*~ (stealth).
  1483 | D:2      | 1483 ||| Stepping ~*~*~tactically~*~*~ (stealth).
  1521 | D:2      | Reached XP level 4. HP: 26/26 MP: 8/8
  1682 | D:2      | 1682 ||| READING scroll labelled HIQ XUUHOZIA.
  1683 | D:2      | 1683 ||| READING 3 scrolls of identify.
  1683 | D:2      | 1683 ||| IDENTIFYING golden potion
  1684 | D:2      | 1684 ||| DROPPING potion of brilliance.
  1738 | D:3      | Reached skill level 5 in Axes
  1745 | D:3      | 1745 ||| Stepping ~*~*~tactically~*~*~ (stealth).
  1753 | D:3      | 1753 ||| Stepping ~*~*~tactically~*~*~ (stealth).
  1761 | D:3      | 1761 ||| FLEEEEING.
  1762 | D:3      | 1762 ||| FLEEEEING.
  1763 | D:3      | 1763 ||| FLEEEEING.
  1764 | D:3      | 1764 ||| FLEEEEING.
  1767 | D:3      | 1767 ||| FLEEEEING.
  1768 | D:3      | 1768 ||| FLEEEEING.
  1771 | D:3      | 1771 ||| STAIRDANCE
  1897 | D:3      | HP: 3/26 [gnoll/+0 hand axe (5)]
  1898 | D:3      | 1898 ||| READING 3 scrolls of teleportation.
  1900 | D:3      | 1900 ||| STAIRDANCE
  1900 | D:3      | Found a hazy altar of Hepliaklqana.
  2016 | D:3      | Gained mutation: Your magical nature lets you fly swiftly
                  | and evasively. [Tengu growth]
  2016 | D:3      | Reached XP level 5. HP: 15/30 MP: 9/9
  2197 | D:3      | 2197 ||| Stepping ~*~*~tactically~*~*~ (hiding).
  2198 | D:3      | 2198 ||| Stepping ~*~*~tactically~*~*~ (hiding).
  2227 | D:3      | 2227 ||| Stepping ~*~*~tactically~*~*~ (stealth).
  2278 | D:3      | Found a shadowy altar of Dithmenos.
  2306 | D:3      | 2306 ||| Stepping ~*~*~tactically~*~*~ (stealth).
  2313 | D:3      | 2313 ||| Stepping ~*~*~tactically~*~*~ (stealth).
  2314 | D:3      | 2314 ||| Stepping ~*~*~tactically~*~*~ (stealth).
  2316 | D:3      | Found an ancient bone altar of Kikubaaqudgha.
  2321 | D:3      | Reached skill level 6 in Axes
  2328 | D:3      | Reached XP level 6. HP: 31/35 MP: 10/10
  2417 | D:3      | 2417 ||| DROPPING +0 club.
  2527 | D:3      | 2527 ||| DROPPING +0 mace.
  2531 | D:3      | Noticed Sigmund
  2544 | D:3      | HP: 6/35 [something (5)]
  2549 | D:3      | HP: 1/35 [something (6)]
  2551 | D:3      | 2551 ||| Stepping ~*~*~tactically~*~*~ (stealth).
  2551 | D:3      | Slain by Sigmund

Levels and vault maps discovered:
D:1:      erik_arrival_blinker_ship, layout_basic,
          dreamdust_ecumenical_altar_grove, dk_noncrumbling_3
D:2:      layout_rooms
D:3:      layout_loops_ring, kennysheep_vampire_church,
          mainiacjoe_overflow_catwalk, marbit_many_paths, uniq_sigmund

Skill      XL: |  1  2  3  4  5 |
---------------+----------------+-----
Axes           | 3 4 5 6 |  6.9
Fighting       | |  2.0
Throwing       | |  1.0
Armour         | |  1.1
Dodging        | |  2.1
Spellcasting   | |  2.0
Translocations | |  2.4

Action                   |  1- 3 |  4- 6 || total
-------------------------+-------+-------++-------
Melee: Hand axe          |   102 |    53 ||   155
       Kick              |    28 |    20 ||    48
       Peck              |     9 |     8 ||    17
       Punch             |     2 |     1 ||     3
Throw: Boomerang         |     7 |       ||     7
       Javelin           |     2 |    20 ||    22
  Use: Scroll            |     4 |     3 ||     7
Armor: Leather armour    |     7 |       ||     7
       Ring mail         |    29 |    16 ||    45
Dodge: Dodged            |    55 |    51 ||   106

Table legend:
 A = Non-vault XP
 B = Vault XP
 C = Vault XP percentage of total XP
 D = Non-vault monster count
 E = Vault monster count
 F = Vault count percentage of total count
                 A         B        C        D         E       F
            +---------+---------+-------+---------+---------+-------
      Total |     188 |     181 |  49.1 |      66 |      10 |  13.2
            +---------+---------+-------+---------+---------+-------
        D:1 |      24 |       0 |   0.0 |      16 |       0 |   0.0
        D:2 |      85 |       0 |   0.0 |      34 |       0 |   0.0
        D:3 |      79 |     181 |  69.6 |      16 |      10 |  38.5
            +---------+---------+-------+---------+---------+-------
